 Dungeon Crawl Stone Soup version 0.21.0-24-g2553a33 (webtiles) character file.

656 pstr the Digger (level 7, -2/57 HPs)
             Began as a Naga Earth Elementalist on Jan 20, 2018.
             Slain by a centaur skeleton (5 damage)
             ... on level 4 of the Dungeon.
             The game lasted 00:11:45 (3997 turns).

pstr the Digger (Naga Earth Elementalist)           Turns: 3997, Time: 00:11:46

Health: -2/57      AC:  4    Str: 13    XL:     7   Next: 55%
Magic:  1/14       EV: 10    Int: 27    God:
Gold:   165        SH:  0    Dex: 12    Spells: 11/15 levels left

rFire    . . .     SeeInvis +   v - staff of poison
rCold    . . .     Gourm    .   (no shield)
rNeg     . . .     Faith    .   k - +0 animal skin
rPois    +         Spirit   .   n - +0 helmet of the Earth {+Blink MR- Str+3 Int+10}
rElec    .         Reflect  .   (no cloak)
rCorr    .         Harm     .   (no gloves)
MR       .....                  (no barding)
Stlth    ++........             (no amulet)
HPRegen  0.19/turn              (no ring)
MPRegen  0.14/turn              (no ring)

@: lethally poisoned (-2 -> -6), hasted, quick
A: large, see invisible, deformed body, poison resistance, slowness 2, slow
metabolism 1, spit poison 1, AC +2
a: Spit Poison, Evoke Blink


You were on level 4 of the Dungeon.
You were very hungry.

You visited 1 branch of the dungeon, and saw 4 of its levels.

You collected 165 gold pieces.

Inventory:

Missiles
 b - 96 stones (quivered)
 f - 31 arrows
Armour
 c - a +0 robe
 h - a +0 leather armour
 k - a +0 animal skin (worn)
 n - the +0 helmet of the Earth (worn) {+Blink MR- Str+3 Int+10}
   (You took it off Robin on level 2 of the Dungeon)

   It affects your strength (+3).
   It affects your intelligence (+10).
   It affects your resistance to hostile enchantments.
   It lets you blink.
Magical Staves
 v - an uncursed staff of poison (weapon)
Jewellery
 x - a +2 ring of protection {unknown}
 z - a cursed ring of loudness {unknown}
Wands
 t - a wand of paralysis (11)
Scrolls
 a - 3 scrolls of enchant armour {unknown}
 g - 6 scrolls of identify {unknown}
 l - a scroll of immolation {unknown}
 m - 4 scrolls of teleportation {unknown}
 r - a scroll of magic mapping {unknown}
 w - a scroll of amnesia {unknown}
 y - a scroll of fog {unknown}
 A - a scroll of noise {unknown}
Potions
 i - a potion of degeneration {unknown}
 o - a potion of magic {unknown}
 p - a potion of haste
 q - a potion of heal wounds
 s - 2 potions of agility
Books
 e - a book of Geomancy

   Spells                             Type                      Level
   a - Sandblast                      Earth                        1
   b - Passwall                       Transmutation/Earth          2
   c - Stone Arrow                    Conjuration/Earth            3
   d - Petrify                        Transmutation/Earth          4
   e - Lee's Rapid Deconstruction     Earth                        5
Comestibles
 d - 10 rations


   Skills:
 + Level 1.1 Fighting
 + Level 2.3 Dodging
 + Level 4.0 Stealth
 + Level 0.7 Unarmed Combat
 + Level 4.7 Spellcasting
 + Level 2.3 Conjurations
   Level 1.0 Transmutations
 + Level 5.5 Earth Magic
 + Level 0.3 Evocations


You had 11 spell levels left.
You knew the following spells:

 Your Spells              Type           Power        Failure   Level  Hunger
a - Sandblast             Erth           #####.       1%          1    None
b - Stone Arrow           Conj/Erth      ####..       4%          3    ##.....


Dungeon Overview and Level Annotations

Branches:
Dungeon (4/15)
 Temple: D:4-7

Altars:


Innate Abilities, Weirdness & Mutations

You cannot wear boots.
Your serpentine skin is tough. (AC +2)
You have supernaturally acute eyesight. (SInv)
Armour fits poorly on your strangely shaped body.
Your system is resistant to poisons. (rPois)
You cover ground very slowly.
You have a slow metabolism.
You can spit poison.


Message History

You hit the centaur skeleton.
The centaur skeleton is heavily damaged.
You feel sick.
The centaur skeleton hits you but does no damage.
The centaur skeleton barely misses you.
You hit the centaur skeleton.
The centaur skeleton is heavily damaged.
You feel sick. The centaur skeleton hits you.
* * * LOW HITPOINT WARNING * * *
You hit the centaur skeleton.
The centaur skeleton is severely damaged.
The centaur skeleton closely misses you.
The centaur skeleton barely misses you.
It was a potion of haste.
You feel yourself speed up.
You feel sick. The centaur skeleton hits you.
* * * LOW HITPOINT WARNING * * *
You hit the centaur skeleton but do no damage.
The centaur skeleton is severely damaged.
The centaur skeleton hits you.
You die...

............## #..#..#...........
........##...###.#...####........
......#####...#.#....#..###......
####### ##...#.....#...........
##.##.....#...........
##########...........
#..#....#..........
#..#.....#...#.....
##@##.....##.##.###
##.Z.#.....##.#### #
##....#........#
##..#.....####### #..####.###
##.## #..## ##.## ##..# ##.##
##.## ##.## ##.##


You could see a centaur skeleton.

Vanquished Creatures
  The ghost of Jatast the Skirmisher, an amateur GrWn of Sif Muna (D:4)
  Sigmund (D:3)
  An ogre (D:4)
  A howler monkey (D:4)
  An iguana (D:4)
  A worker ant (D:4)
  Robin (D:2)
  2 adders
  4 gnolls (D:3)
  An adder skeleton (D:4)
  2 worms
  2 dart slugs
  A leopard gecko (D:1)
  An orc (D:4)
  3 bats
  13 giant cockroaches
  7 hobgoblins
  3 kobolds
  A ball python (D:4)
  4 frilled lizards
  11 goblins
  3 rats
65 creatures vanquished.

Notes
Turn   | Place    | Note
-------+----------+-------------------------------------------
     0 | D:1      | pstr the Naga Earth Elementalist began the quest for the Orb.
     0 | D:1      | Reached XP level 1. HP: 15/15 MP: 3/3
   102 | D:1      | Reached XP level 2. HP: 22/22 MP: 3/5
   893 | D:2      | Reached XP level 3. HP: 28/28 MP: 2/6
   898 | D:2      | Learned a level 3 spell: Stone Arrow
  1075 | D:2      | Noticed Robin
  1115 | D:2      | Killed Robin
  1119 | D:2      | Reached skill level 4 in Earth Magic
  1119 | D:2      | Reached XP level 4. HP: 36/36 MP: 0/8
  1166 | D:2      | Got a faintly humming helmet
  1172 | D:2      | Identified the +0 helmet of the Earth {+Blink MR- Str+3 Int+10} (You took it off Robin on level 2 of the Dungeon)
  1795 | D:3      | Noticed Sigmund
  2363 | D:3      | Killed Sigmund
  2363 | D:3      | Reached XP level 5. HP: 43/43 MP: 1/10
  2363 | D:3      | Reached XP level 6. HP: 50/50 MP: 1/11
  3133 | D:4      | Reached skill level 1 in Fighting
  3133 | D:4      | Reached skill level 1 in Conjurations
  3289 | D:4      | Reached skill level 5 in Earth Magic
  3856 | D:4      | Reached XP level 7. HP: 46/57 MP: 5/13
  3951 | D:4      | Noticed Jatast's ghost (amateur GrWn)
  3986 | D:4      | Killed Jatast's ghost
  3996 | D:4      | HP: 2/57 [centaur skeleton (4)]
  3997 | D:4      | Slain by a centaur skeleton

Skill      XL: |  1  2  3  4  5  6  7 |
---------------+----------------------+-----
Earth Magic    | 4 5 |  5.5
Spellcasting   | 3 4 |  4.7
Dodging        | 2 |  2.3
Fighting       | 1 |  1.1
Conjurations   | 1 2 |  2.3
Stealth        | 4 |  4.0
Unarmed Combat | |  0.7
Transmutations | |  1.0
Evocations     | |  0.3

Action                   |  1- 3 |  4- 6 |  7- 9 || total
-------------------------+-------+-------+-------++-------
Melee: Unarmed           |    10 |       |       ||    10
       Staff             |       |     1 |     8 ||     9
 Cast: Sandblast         |    41 |    18 |    19 ||    78
       Stone Arrow       |       |    32 |       ||    32
 Abil: Spit Poison       |     5 |     5 |     3 ||    13
       Evoke Blink       |       |     1 |       ||     1
  Use: Potion            |     4 |       |     3 ||     7
  Eat: Chunk             |       |     9 |       ||     9
Armor: Robe              |     2 |       |       ||     2
       Skin              |    18 |       |       ||    18
       Animal skin       |       |    15 |     3 ||    18
Dodge: Dodged            |    17 |    27 |    15 ||    59
